 Dungeon Crawl Stone Soup version 0.28.0 (webtiles) character file.

Game seed: 16154399739112023775

18260 fragbeetle the Carver (level 12, -8/84 HPs)
             Began as a Demonspawn Cinder Acolyte on Feb 18, 2022.
             Was a High Priest of Ignis.
             Mangled by a boulder beetle (23 damage)
             ... on level 1 of the Lair of Beasts.
             The game lasted 00:42:50 (17043 turns).

fragbeetle the Carver (Demonspawn Cinder Acolyte)  Turns: 17043, Time: 00:42:51

Health: -8/84      AC: 15    Str: 21    XL:     12   Next: 26%
Magic:  17/17      EV: 16    Int: 15    God:    Ignis [*****.]
Gold:   646        SH:  0    Dex:  8    Spells: 3/17 levels left

rFire   + . .      SeeInvis .   a - -1 falchion (flame)
rCold   . . .      Faith    .   (no shield)
rNeg    . . .      Spirit   .   K - +0 acid dragon scales
rPois   +          Reflect  .   j - +0 helmet
rElec   .          Harm     .   (cloak unavailable)
rCorr   +          Rampage  .   F - +0 pair of gloves
Will    .....                   (no boots)
Stlth   +.........              d - amulet of magic regeneration
HPRegen 0.24/turn               k - +4 ring of protection
MPRegen 0.55/turn               I - ring of poison resistance

@: agile, about to teleport
A: slimy green scales 1, ignite blood 2, powered by pain 1, weakness stinger 3
a: Renounce Religion, Fiery Armour, Foxfire Swarm, Rising Flame


You were on level 1 of the Lair of Beasts.
You worshipped Ignis.
Ignis was extremely pleased with you.
You visited 2 branches of the dungeon, and saw 12 of its levels.
You also visited: Ossuary.

You collected 724 gold pieces.
You spent 78 gold pieces at shops.

Inventory:

Hand Weapons
 a - a -1 falchion of flaming (weapon)
Missiles
 i - 10 boomerangs
 q - 17 poisoned darts (quivered)
 s - 3 throwing nets
 y - 24 sling bullets
 J - a curare-tipped dart
 N - 6 atropa-tipped darts
Armour
 j - a +0 helmet (worn)
 A - a +0 cloak
 F - a +0 pair of gloves (worn)
 G - a +2 scale mail of poison resistance
 K - +0 acid dragon scales (worn)
Jewellery
 d - an amulet of magic regeneration (around neck)
 k - a +4 ring of protection (left hand)
 B - a +6 ring of dexterity
 D - a +4 ring of protection
 I - a ring of poison resistance (right hand)
Wands
 b - a wand of paralysis (10)
 o - a wand of flame (13)
 E - a wand of iceblast (1)
Scrolls
 e - 4 scrolls of blinking {unknown}
 l - 3 scrolls of fog {unknown}
 m - 2 scrolls of magic mapping {unknown}
 r - a scroll of silence {unknown}
 t - a scroll of enchant armour {unknown}
 v - 5 scrolls of teleportation
 w - 3 scrolls of summoning {unknown}
 x - 2 scrolls of noise {unknown}
 C - a scroll of fear
 H - 2 scrolls of identify
 L - a scroll of amnesia {unknown}
Potions
 c - 3 potions of curing
 f - a potion of cancellation
 g - 2 potions of attraction
 h - 5 potions of flight
 n - 7 potions of brilliance
 p - a potion of magic {unknown}
 u - 2 potions of might
 z - 3 potions of mutation
 M - a potion of resistance {unknown}


   Skills:
 - Level 4.7 Fighting
 - Level 14.0 Long Blades
 - Level 4.0 Armour
 - Level 3.3 Spellcasting
 + Level 8.0 Conjurations
 + Level 6.5 Fire Magic
 - Level 6.0 Poison Magic


You had 3 spell levels left.
You knew the following spells:

 Your Spells              Type           Power      Damage    Failure   Level
a - Scorch                Fire           44%        2d7       2%          2
b - Mephitic Cloud        Conj/Pois/Air  16%        N/A       11%         3
c - Sticky Flame          Conj/Fire      24%        2d5       12%         4
d - Lee's Rapid Deconstr  Erth           1%         3d5*      100%        5

Your spell library contained the following spells:

 Spells                   Type           Power      Damage    Failure   Level
 Shock                    Conj/Air       56%        1d6       4%          1
 Static Discharge         Conj/Air       14%        N/A       7%          2
 Ignite Poison            Fire/Tmut/Pois 15%        N/A       13%         3
 Wereblood                Tmut           2%         N/A       36%         2
 Frozen Ramparts          Ice            4%         1d2       58%         3
 Gell's Gravitas          Tloc           2%         N/A       58%         3
 Lesser Beckoning         Tloc           2%         N/A       58%         3
 Swiftness                Air            2%         N/A       58%         3
 Teleport Other           Tloc           2%         N/A       58%         3
 Flame Wave               Conj/Fire      24%        2d7       12%         4
 Freezing Cloud           Conj/Ice/Air   5%         6-21      92%         5
 Airstrike                Air            1%         N/A       94%         4
 Dispel Undead            Necr           2%         3d7       94%         4
 Ice Form                 Ice/Tmut       2%         N/A       94%         4
 Leda's Liquefaction      Hex/Erth       1%         N/A       94%         4
 Summon Ice Beast         Ice/Summ       2%         N/A       94%         4
 Blade Hands              Tmut           1%         N/A       100%        5
 Yara's Violent Unravell  Hex/Tmut       1%         3d3       100%        5
 Statue Form              Tmut/Erth      1%         N/A       100%        6
 Summon Cactus Giant      Summ           1%         N/A       100%        6


Dungeon Overview and Level Annotations

Branches:
Dungeon (11/15)            Temple (0/1) D:4            Lair (1/6) D:9
Ossuary (visited)
    Orc: D:9-12

Altars:
Cheibriados
Elyvilon
Fedhas
Gozag
Kikubaaqudgha
Nemelex Xobeh
Qazlal
Sif Muna
Trog
Uskayaw
Vehumet
Yredelemnul
Zin

Shops:
D:7 *   D:11 =

Annotations:
D:6 1 exclusion
D:8 2 transporters, PerfectTommy's ghost, novice MiBe
D:9 2 transporters, hikkokomori's ghost, novice GrEE


Innate Abilities, Weirdness & Mutations

You are partially covered in slimy green scales. (AC +2)
Your demonic aura often causes spilled blood to erupt in flames.
You sometimes gain a little power by taking damage.
You have a sharp stinger which inflicts weakening toxins.


Message History

You closely miss the guardian serpent.
The guardian serpent is almost dead.
The guardian serpent casts a spell at you.
The bolt of poison hits you.
You are poisoned.
You resist. The boulder beetle bites you!!
You hit the guardian serpent. You burn the guardian serpent.
You kill the guardian serpent!
You feel very sick.
Your Conjurations skill increases to level 8!
The yak bellows!
You hit the boulder beetle but do no damage.
The boulder beetle is moderately wounded.
You feel sick. The boulder beetle misses you.
You hit the boulder beetle but do no damage.
The boulder beetle is moderately wounded.
You feel sick.
You slash the boulder beetle! You burn the boulder beetle.
You tail-slap the boulder beetle, but do no damage.
The boulder beetle is heavily wounded.
You feel sick. The boulder beetle barely misses you.
Casting: Scorch (safe; 2% risk of failure)
Confirm with . or Enter, or press ? or * to list all spells.
Flames lash the boulder beetle but do no damage.
You feel sick. The boulder beetle bites you.
Unknown command.
You barely miss the boulder beetle.
The boulder beetle is moderately wounded.
You feel sick.
The boulder beetle waves its antennae.
The boulder beetle bites you!!
* * * LOW HITPOINT WARNING * * *
You focus on the pain.
You feel agile all of a sudden.
You feel better. The boulder beetle bites you.
* * * LOW HITPOINT WARNING * * *
Unknown command.
As you read the scroll of teleportation, it crumbles to dust.
You feel strangely unstable. The boulder beetle bites you!!
You die...

#..###.##P...###
#..##..#######
#..##...###≈.≈
#..##..##≈≈≈.#.
#..##.##≈≈≈.....≈≈≈≈
#..##.#≈≈..#..#.≈≈≈.
#..####≈≈≈..#...≈≈≈..
#..###≈≈≈≈..#..≈≈#≈≈≈l
#....@≈Y≈≈..#≈≈≈##≈≈≈≈
#...B#≈≈≈≈.#≈≈≈≈≈≈≈≈≈≈
#....##≈≈†.#...≈≈≈Y.≈.
##.....#≈≈.#..S.≈≈≈≈...
#P..#.###≈≈.#...≈≈.≈.S#
##.####.##≈≈.≈.≈≈≈≈≈≈≈.
#P.##....###≈≈.≈≈≈≈≈≈≈≈
##.........####≈.....≈#
#..#......##.#########


You could see a boulder beetle and a yak.

Vanquished Creatures
  A hydra (Lair:1)
  4 two-headed ogres
  3 death yaks
  2 centaur zombies
  A guardian serpent (Lair:1)
  A gargoyle (D:11)
  4 cane toads (Lair:1)
  3 komodo dragons (Lair:1)
  2 kobold demonologists
  A troll (D:11)
  A polar bear (D:9)
  2 hornets (D:10)
  A meliai zombie (D:11)
  2 vampires
  2 basilisks (Lair:1)
  A wyvern (D:8)
  20 yaks
  A steam dragon (D:6)
  6 vampire mosquitoes (D:11)
  An acid dragon (D:10)
  5 water moccasins
  A hornet zombie (D:4)
  4 orc warriors
  A black bear (Lair:1)
  A necrophage (D:6)
  3 ogres
  5 wolves
  4 centaurs
  2 phantoms (D:4)
  A kobold brigand (D:9)
  An elf zombie (Ossuary)
  3 bullfrogs
  A gnoll sergeant (D:11)
  2 scorpions
  2 water moccasin skeletons
  5 killer bees (D:9)
  4 howler monkeys
  An electric eel (D:6)
  A bullfrog zombie (D:7)
  3 jellies
  2 bullfrog skeletons
  5 orc priests
  4 hounds
  3 iguanas
  3 orc wizards
  A killer bee zombie (D:3)
  2 hound zombies (Ossuary)
  4 mummies (Ossuary)
  4 howler monkey zombies
  12 gnolls
  A howler monkey skeleton (D:3)
  5 adders
  2 river rats (D:9)
  A white imp (D:3)
  An ufetubus (D:7)
  An adder zombie (Ossuary)
  4 worms
  5 dart slugs
  30 orcs
  12 bats
  8 endoplasms
  A giant cockroach (D:1)
  2 gnoll zombies (Ossuary)
  3 goblins
  4 hobgoblins
  2 jackals (D:3)
  2 quokkas
  4 ball pythons
  3 frilled lizards
  2 hobgoblin zombies (Ossuary)
  3 jackal zombies (Ossuary)
  16 kobolds
  5 rats
  A rat zombie (Ossuary)
267 creatures vanquished.

Vanquished Creatures (others)
  A human (D:9)
  4 fungi (Lair:1)
  3 plants (Lair:1)
8 creatures vanquished.

Grand Total: 275 creatures vanquished

Notes
Turn   | Place    | Note
-------+----------+-------------------------------------------
     0 | D:1      | fragbeetle the Demonspawn Cinder Acolyte began the quest
                  | for the Orb.
     0 | D:1      | Reached XP level 1. HP: 18/18 MP: 2/2
   204 | D:1      | Gained mutation: You have a small tail. [demonic ancestry]
   204 | D:1      | Reached XP level 2. HP: 16/24 MP: 3/3
   338 | D:1      | Learned a level 2 spell: Scorch
   679 | D:1      | Reached skill level 3 in Long Blades
  1294 | D:1      | Gained mutation: You are partially covered in slimy green
                  | scales. (AC +2) [demonic ancestry]
  1294 | D:1      | Reached XP level 3. HP: 14/29 MP: 1/5
  1651 | D:2      | You fall into a shaft and drop 2 floors!
  1675 | D:4      | Noticed an ogre
  1710 | D:4      | Killed an ogre
  1711 | D:4      | Gained mutation: Your demonic aura sometimes causes spilled
                  | blood to erupt in flames. [demonic ancestry]
  1711 | D:4      | Reached XP level 4. HP: 37/37 MP: 2/7
  1744 | D:4      | Noticed a phantom
  1752 | D:4      | Gained mutation: You have a tail ending in a sharp stinger.
                  | [demonic ancestry]
  1752 | D:4      | Reached XP level 5. HP: 20/42 MP: 4/8
  1755 | D:4      | Killed a phantom
  1756 | D:4      | Reached XP level 6. HP: 19/48 MP: 3/10
  1965 | D:4      | Reached skill level 4 in Long Blades
  2055 | D:4      | Got the Handbook of Moulding
  2080 | D:4      | Found a staircase to the Ecumenical Temple.
  2502 | D:3      | Found a faded altar of an unknown god.
  2527 | D:3      | Gained mutation: Your demonic aura often causes spilled
                  | blood to erupt in flames. [demonic ancestry]
  2527 | D:3      | Reached XP level 7. HP: 52/55 MP: 10/12
  3880 | D:3      | Found a basalt altar of Yredelemnul.
  3903 | D:3      | Found a radiant altar of Vehumet.
  3907 | D:3      | Found a hide-covered altar of Uskayaw.
  3907 | D:3      | Found a shimmering blue altar of Sif Muna.
  3914 | D:3      | Found a blossoming altar of Fedhas.
  4222 | D:4      | Found a sparkling altar of Nemelex Xobeh.
  4285 | D:4      | Reached skill level 5 in Long Blades
  4427 | D:4      | Found a bloodstained altar of Trog.
  4537 | D:4      | Reached skill level 6 in Long Blades
  4554 | D:5      | Entered Level 5 of the Dungeon
  5370 | D:4      | Reached XP level 8. HP: 56/61 MP: 10/13
  5510 | D:5      | Found a snail-covered altar of Cheibriados.
  5538 | D:5      | Reached skill level 7 in Long Blades
  6343 | D:6      | Reached skill level 8 in Long Blades
  6490 | D:6      | Found a sand-covered staircase.
  6500 | Ossuary  | Entered an ossuary
  7192 | D:6      | Reached skill level 9 in Long Blades
  7275 | D:6      | Found an opulent altar of Gozag.
  7617 | D:6      | Gained mutation: You sometimes gain a little power by
                  | taking damage. [demonic ancestry]
  7617 | D:6      | Reached XP level 9. HP: 54/66 MP: 14/14
  7633 | D:6      | Noticed a seven-headed hydra
  7776 | D:7      | Found Giwnahen's General Store.
  7779 | D:7      | Bought a scroll of teleportation for 36 gold pieces
  7779 | D:7      | Bought a scroll of fear for 42 gold pieces
  8275 | D:7      | Reached skill level 10 in Long Blades
  8500 | D:8      | Noticed PerfectTommy's ghost (novice MiBe)
  8501 | D:8      | Found a transporter.
  8692 | D:8      | Noticed a two-headed ogre
  8848 | D:8      | Found a stormy altar of Qazlal.
  8878 | D:8      | Noticed a two-headed ogre
  8889 | D:8      | Killed a two-headed ogre
  8890 | D:8      | Reached skill level 11 in Long Blades
  8961 | D:8      | Killed a two-headed ogre
  8962 | D:8      | Reached skill level 12 in Long Blades
  9327 | D:8      | Noticed a two-headed ogre
  9450 | D:9      | Noticed a death yak
  9487 | D:8      | Killed a death yak
  9488 | D:8      | Reached XP level 10. HP: 26/73 MP: 15/15
  9836 | D:9      | Noticed a two-headed ogre
  9848 | D:9      | Killed a two-headed ogre
  9922 | D:9      | Reached skill level 13 in Long Blades
  9927 | D:9      | Noticed a death yak
  9927 | D:9      | Noticed a death yak
  9966 | D:8      | Killed a death yak
 10197 | D:8      | Found a transporter.
 10820 | D:8      | Learned a level 3 spell: Mephitic Cloud
 10892 | D:9      | Found an ancient bone altar of Kikubaaqudgha.
 10966 | D:9      | Found a staircase to the Lair.
 11470 | D:9      | Reached skill level 14 in Long Blades
 11512 | D:9      | Noticed hikkokomori's ghost (novice GrEE)
 11522 | D:9      | Noticed a cyclops
 11522 | D:9      | Noticed a two-headed ogre
 11533 | D:9      | Found a transporter.
 11580 | D:9      | Found a transporter.
 11668 | D:9      | Reached skill level 1 in Conjurations
 11668 | D:9      | Reached skill level 1 in Poison Magic
 11733 | D:9      | Killed a death yak
 11734 | D:9      | Reached XP level 11. HP: 60/78 MP: 13/16
 12072 | D:10     | Entered Level 10 of the Dungeon
 12478 | D:10     | Learned a level 4 spell: Sticky Flame
 12491 | D:10     | Paralysed by a hornet for 2 turns
 12739 | D:10     | Noticed a two-headed ogre
 13274 | D:11     | Found Temoyp's Jewellery Emporium.
 13330 | D:11     | Reached skill level 5 in Conjurations
 13330 | D:11     | Reached skill level 5 in Poison Magic
 13432 | D:11     | HP: 1/78 [cyclops/large rock (33)]
 13776 | D:10     | Killed a two-headed ogre
 14109 | D:11     | Reached skill level 1 in Armour
 14842 | Lair:1   | Entered Level 1 of the Lair of Beasts
 15357 | Lair:1   | Learned a level 5 spell: Lee's Rapid Deconstruction
 15778 | Lair:1   | Reached skill level 5 in Fire Magic
 16170 | Lair:1   | Gained mutation: You have a sharp stinger which inflicts
                  | weakening toxins. [demonic ancestry]
 16170 | Lair:1   | Reached XP level 12. HP: 44/84 MP: 11/17
 16884 | Lair:1   | Noticed a five-headed hydra
 16891 | Lair:1   | Noticed a boulder beetle
 16897 | Lair:1   | Killed a one-headed hydra
 17043 | Lair:1   | Mangled by a boulder beetle

Illustrated notes

Levels and vault maps discovered:
D:1:      nagdon_arrival_zigzag_paths, layout_basic
D:2:      minmay_inner_zag, layout_rooms, fountainhead, minmay_misc_feat_rugged
D:3:      layout_basic, nicolae_overflow_hallway_of_the_gods, serial_rivers,
          chequers_serial_rivers_small_b, chequers_serial_rivers_micro_d,
          chequers_serial_rivers_large_a, chequers_serial_rivers_micro_c,
          chequers_serial_rivers_small_a, chequers_serial_rivers_micro_a,
          hellmonk_ecumenical_altar_lost_god
D:4:      layout_basic, mainiacjoe_overflow_concentric_impassable,
          kennysheep_little_box, mainiacjoe_overflow_small_starburst,
          minmay_temple_entry_butterflies
D:5:      layout_basic, old_standard_altar
D:6:      kennysheep_windowed_halls, layout_basic, mainiacjoe_overflow_alcove_2,
          serial_glass, glass_columns_a, glass_columns_a,
          nicolae_ossuary_entry_monument, fountainhead
D:7:      layout_basic, serial_shops, nicolae_shop_behind_doors
D:8:      layout_layer_cave, nicolae_overflow_hidden_temple, zin_scriptorium,
          gammafunk_ghost_stat_death
D:9:      layout_cave_pods, tgw_kikubaaqudgha, dpeg_lair_monsters,
          nzn_ghost_randoct
D:10:     layout_roguey
D:11:     layout_roguey, serial_shops, nicolae_stop_n_shop_2
Lair:1:   layout_regular_city, hellmonk_guarded_unrand_seven_league_boots,
          grunt_megastairs_3

Skill      XL: |  1  2  3  4  5  6  7  8  9 10 11 12 |
---------------+-------------------------------------+-----
Fire Magic     | 3 4 5 6 |  6.5
Long Blades    | 3 4 6 9 12 14 | 14.0
Spellcasting   | 2 3 |  3.3
Fighting       | 4 |  4.7
Conjurations   | 2 7 8 |  8.0
Poison Magic   | 2 6 |  6.0
Armour         | 4 |  4.0

Action                   |  1- 3 |  4- 6 |  7- 9 | 10-12 || total
-------------------------+-------+-------+-------+-------++-------
Melee: Falchion          |    80 |    60 |   366 |   453 ||   959
       Punch             |     1 |     1 |     7 |     6 ||    15
       Tailslap          |     4 |    10 |    51 |    78 ||   143
Throw: Dart              |       |       |     6 |     6 ||    12
 Cast: Scorch            |     6 |    14 |    58 |   103 ||   181
       Sticky Flame      |       |       |       |    11 ||    11
       Mephitic Cloud    |       |       |       |     3 ||     3
Invok: Fiery Armour      |     1 |       |       |     1 ||     2
Evoke: Wand              |       |       |     3 |     5 ||     8
  Use: Potion            |       |       |     1 |     4 ||     5
       Scroll            |       |       |     8 |     2 ||    10
 Stab: Sleeping          |     1 |       |       |       ||     1
       Paralysed         |       |       |     2 |    14 ||    16
Armor: Robe              |    40 |     8 |       |       ||    48
       Ring mail         |       |    22 |   253 |    19 ||   294
       Leather armour    |       |       |       |    45 ||    45
       Acid dragon scale |       |       |       |   188 ||   188
Dodge: Dodged            |    68 |    26 |   231 |   236 ||   561
